 Dungeon Crawl Stone Soup version 0.30-a0-586-g23e55c9e0a (webtiles) character file.

Game seed: 4348618363491011953

3794 M4edhros the Covert (level 10, 0/66 HPs)
             Began as an Octopode Artificer on Jan 3, 2023.
             Was a Priest of Cheibriados.
             Slain by a shadow (31 damage)
             ... on level 10 of the Dungeon.
             The game lasted 00:15:45 (5070 turns).

M4edhros the Covert (Octopode Artificer)            Turns: 5070, Time: 00:15:46

Health: 0/66       AC:  1    Str: 25    XL:     10   Next: 16%
Magic:  10/10      EV: 22    Int: 27    God:    Cheibriados [***...]
Gold:   552        SH: 20    Dex: 29    Spells: 8/9 levels left

rFire   + + .      SeeInvis .      - Unarmed
rCold   . . .      Faith    .    r - +3 kite shield
rNeg    . . .      Spirit   .    (helmet restricted)
rPois   +          Reflect  +    A - amulet of reflection
rElec   .          Harm     .    a - +6 ring of dexterity
rCorr   .          Rampage  .    e - +6 ring of strength
Will    +....                    k - +6 ring of intelligence
Stlth   +++++++                  g - ring of protection from fire
HPRegen 0.31/turn                s - +5 ring of evasion
MPRegen 0.12/turn                w - ring of poison resistance
                                 j - ring of poison resistance
                                 y - ring of the Noxious Breadfruit {rF+ Will+}

@: studying Stealth, very slow
A: almost no armour, amphibious, 8 rings, camouflage 1, gelatinous body 1,
(nimble swimmer 1), tentacles
a: Renounce Religion, Bend Time, Temporal Distortion


You were on level 10 of the Dungeon.
You worshipped Cheibriados.
Cheibriados was most pleased with you.
You visited 2 branches of the dungeon, and saw 11 of its levels.

You collected 552 gold pieces.

Inventory:

Hand Weapons
 p - a +4 spear of electrocution
 M - a +2 dagger of protection
Missiles
 t - 3 javelins
 F - 19 poisoned darts
 H - 5 boomerangs
Armour
 r - a +3 kite shield (worn)
Jewellery
 a - a +6 ring of dexterity (left tentacle)
 e - a +6 ring of strength (right tentacle)
 g - a ring of protection from fire (on tentacle)
 h - an amulet of guardian spirit
 j - a ring of poison resistance (on tentacle)
 k - a +6 ring of intelligence (on tentacle)
 s - a +5 ring of evasion (on tentacle)
 w - a ring of poison resistance (on tentacle)
 y - the ring of the Noxious Breadfruit (on tentacle) {rF+ Will+}
   (You found it on level 7 of the Dungeon)

   [ring of willpower]

   rF:        It protects you from fire.
   Will:      It increases your willpower.
 A - an amulet of reflection (around mantle)
 L - a ring of positive energy
Wands
 b - a wand of flame (6) (quivered)
 c - a wand of charming (18)
 v - a wand of roots (1)
Scrolls
 d - a scroll of summoning
 l - 3 scrolls of poison
 z - a scroll of enchant weapon
 D - 3 scrolls of teleportation
 E - a scroll of noise
Potions
 f - a potion of haste {unknown}
 i - 2 potions of flight
 m - a potion of might
 n - 2 potions of curing
 o - a potion of brilliance {unknown}
 q - 2 potions of degeneration {unknown}
 u - a potion of berserk rage
 x - a potion of ambrosia
 B - 2 potions of mutation
 C - 3 potions of attraction
 G - a potion of magic {unknown}
 I - a potion of resistance
 J - 2 potions of lignification
 K - a potion of heal wounds {unknown}


   Skills:
 + Level 5.4 Fighting
 + Level 5.9 Dodging
 * Level 11.5 Stealth
 * Level 4.4 Shields
 * Level 7.8 Unarmed Combat
 - Level 5.7 Evocations


You had 8 spell levels left.
You knew the following spells:

 Your Spells              Type           Power      Damage    Failure   Level
a - Shock                 Conj/Air       0%         1d3       34%         1

Your spell library contained the following spells:

 Spells                   Type           Power      Damage    Failure   Level
 Magic Dart               Conj           0%         1d3       34%         1
 Searing Ray              Conj           0%         2d4       45%         2
 Swiftness                Air            0%         N/A       71%         3
 Airstrike                Air            0%         2d(0-16)  98%         4
 Fulminant Prism          Conj/Hex       0%         3d5       98%         4


Dungeon Overview and Level Annotations

Branches:
Dungeon (10/15)            Temple (1/1) D:7            Lair (0/5) D:8
    Orc: D:9-12

Altars:
Ashenzari
Cheibriados
Dithmenos
Elyvilon
Fedhas
Gozag
Hepliaklqana
Kikubaaqudgha
Makhleb
Nemelex Xobeh
Okawaru
Qazlal
Ru
Sif Muna
Trog
Uskayaw
Vehumet
Wu Jian
Yredelemnul
The Shining One

Annotations:
D:7 Errthou's ghost, novice TrBe
D:10 1 transporter


Innate Abilities, Weirdness & Mutations

You cannot wear most types of armour.
You are amphibious.
You can wear up to eight rings at the same time.
Your skin changes colour to match your surroundings (Stealth+).
Your rubbery body absorbs attacks. (AC +1, EV +1)
((You are camouflaged when in or above water. (Stealth+)))
You have tentacles for arms and can constrict up to eight enemies at once.


Message History

You closely miss the shadow.
The shadow is moderately damaged.
You block the shadow's attack.
You tentacle-slap the shadow.
You tentacle-slap the shadow, but do no damage.
The shadow is heavily damaged.
The shadow slips into darkness.
The shadow flickers and vanishes!
Deactivating autopickup; reactivate with Ctrl-A.
You bludgeon something! Your squeeze misses something.
The shadow strikes at you from the darkness!
Reactivating autopickup.
You tentacle-slap the shadow but do no damage.
You squeeze the shadow.
The shadow is almost destroyed.
The shadow slips into darkness.
The shadow flickers and vanishes!
Deactivating autopickup; reactivate with Ctrl-A.
You closely miss something. You squeeze something.
The shadow strikes at you from the darkness!
* * * LOW HITPOINT WARNING * * *
Reactivating autopickup.
Okay, then.
Okay, then.
You feel better.
The shadow slips into darkness.
The shadow flickers and vanishes!
Deactivating autopickup; reactivate with Ctrl-A.
Okay, then.
You feel better.
The shadow strikes at you from the darkness!
Reactivating autopickup.
You barely miss the shadow. Your squeeze misses the shadow.
The shadow is almost destroyed.
The shadow slips into darkness.
The shadow flickers and vanishes!
Deactivating autopickup; reactivate with Ctrl-A.
You feel better.
The shadow strikes at you from the darkness!
You die...

###### ###.... #######
#.....# ...W... #.....#
....... #.....# .......
#.....# ....... #8...8#
.......###########©.©####
.......{@......8###.###8.
.......###......©#####©..
#####'# #........###....
#.. ##.....©#####©.. ...
#....8###.###8. .###
##########©.©####
##+##########..#### #8...8#
#........#..'.....###.....#
#........'.##......##.....#


There were no monsters in sight!

Vanquished Creatures
  Sigmund (D:3)
  4 vampire mosquitoes (D:10)
  A water moccasin (D:6)
  Pargi (D:3)
  2 orc warriors
  2 black bears (D:7)
  4 centaurs
  A phantom (D:6)
  2 kobold brigands
  A bullfrog (D:8)
  3 scorpions
  Blork the orc (D:5)
  4 wights (D:9)
  3 killer bees (D:9)
  3 jellies
  2 hounds
  6 orc priests
  2 gnoll boudas
  3 iguanas
  16 orc wizards
  12 gnolls
  3 adders
  3 shadow imps
  2 white imps
  An ufetubus (D:6)
  A worm (D:3)
  A dart slug (D:5)
  29 orcs
  5 ball pythons
  4 bats
  5 endoplasms
  5 giant cockroaches
  6 goblins
  8 hobgoblins
  6 jackals
  4 quokkas
  3 frilled lizards
  14 kobolds
  3 rats
177 creatures vanquished.

Vanquished Creatures (collateral kills)
  2 gnoll sergeants (D:7)
  A hound (D:5)
  An adder (D:2)
  5 gnolls
  3 orcs
12 creatures vanquished.

Vanquished Creatures (others)
  2 gnoll sergeants (D:7)
  An orc priest (D:7)
  An iguana (D:5)
  A gnoll (D:6)
  A white imp (D:6)
  A kobold (D:8)
  11 plants
  4 withered plants (D:5)
22 creatures vanquished.

Grand Total: 211 creatures vanquished

Notes
Turn   | Place    | Note
-------+----------+-------------------------------------------
     0 | D:1      | M4edhros the Octopode Artificer began the quest for the
                  | Orb.
     0 | D:1      | Reached XP level 1. HP: 13/13 MP: 1/1
    97 | D:2      | Noticed an iguana
   103 | D:2      | Reached XP level 2. HP: 15/18 MP: 2/2
   111 | D:2      | Reached skill level 1 in Unarmed Combat
   144 | D:2      | Reached skill level 2 in Stealth
   144 | D:2      | Reached XP level 3. HP: 15/23 MP: 3/3
   551 | D:3      | Reached XP level 4. HP: 27/29 MP: 4/4
   633 | D:3      | Noticed Pargi
   642 | D:3      | Killed Pargi
   643 | D:3      | Reached skill level 3 in Stealth
   643 | D:3      | Reached XP level 5. HP: 34/34 MP: 5/5
   679 | D:4      | Found a hide-covered altar of Uskayaw.
   772 | D:5      | Entered Level 5 of the Dungeon
   796 | D:5      | Found an ancient bone altar of Kikubaaqudgha.
   806 | D:5      | Reached XP level 6. HP: 35/41 MP: 4/6
   841 | D:5      | Noticed Blork the orc
   850 | D:5      | Killed Blork the orc
   925 | D:5      | Learned a level 1 spell: Shock
   961 | D:5      | Found an opulent altar of Gozag.
   964 | D:5      | Found a blossoming altar of Fedhas.
  1146 | D:6      | Reached skill level 4 in Stealth
  1146 | D:6      | Reached XP level 7. HP: 28/46 MP: 5/7
  1772 | D:6      | Reached skill level 5 in Stealth
  1772 | D:6      | Reached XP level 8. HP: 42/52 MP: 6/8
  1858 | D:6      | Reached skill level 5 in Evocations
  1870 | D:6      | Reached skill level 5 in Unarmed Combat
  2087 | D:7      | Reached skill level 6 in Stealth
  2167 | D:7      | Found a transporter.
  2176 | D:7      | Noticed Errthou's ghost (novice TrBe)
  2210 | D:7      | Found a transporter.
  2220 | D:7      | Identified the +1 scale mail "Birghat" {rPois rC+ Str-2
                  | Dex+2}
  2345 | D:7      | Identified the +4 whip "Lifebane" {freeze, Int+3}
  2348 | D:7      | Identified the ring of the Noxious Breadfruit {rF+ Will+}
  2491 | D:7      | Reached skill level 5 in Dodging
  2493 | D:7      | Reached skill level 7 in Stealth
  2493 | D:7      | Reached skill level 1 in Shields
  2493 | D:7      | Reached XP level 9. HP: 24/59 MP: 5/9
  2646 | D:7      | Found a staircase to the Ecumenical Temple.
  2654 | Temple   | Entered the Ecumenical Temple
  2695 | Temple   | Became a worshipper of Cheibriados the Contemplative
  3492 | D:2      | Reached * piety under Cheibriados
  3759 | D:3      | Noticed Sigmund
  3769 | D:3      | Killed Sigmund
  3770 | D:3      | Reached skill level 8 in Stealth
  4486 | D:8      | Reached skill level 9 in Stealth
  4576 | D:8      | Noticed a troll
  4577 | D:8      | Found a staircase to the Lair.
  4589 | D:8      | Noticed a centaur warrior
  4625 | D:9      | Reached skill level 5 in Fighting
  4682 | D:9      | Reached ** piety under Cheibriados
  4692 | D:9      | Reached skill level 10 in Stealth
  4904 | D:10     | Entered Level 10 of the Dungeon
  4908 | D:10     | Reached XP level 10. HP: 66/66 MP: 10/10
  4914 | D:10     | Reached *** piety under Cheibriados
  4937 | D:10     | Reached skill level 11 in Stealth
  5017 | D:10     | Found a transporter.
  5022 | D:10     | Found a transporter.
  5028 | D:10     | Found a transporter.
  5036 | D:10     | Found a transporter.
  5070 | D:10     | Slain by a shadow

Illustrated notes

Levels and vault maps discovered:
D:1:      scummos_arrival_simple_fountains, layout_basic, minmay_misc_feat_five
D:2:      layout_rooms, serial_forest, infiniplex_forest_lined_room_2,
          infiniplex_forest_end_1, infiniplex_forest_end_1,
          infiniplex_forest_zigzag_2, infiniplex_forest_clump_cross,
          infiniplex_forest_lined_room_3, infiniplex_forest_end_double,
          infiniplex_forest_lined_room_2, minmay_tall_x
D:3:      layout_loops_ring, chequers_serial_rivers_micro_e, uniq_pargi,
          uniq_sigmund
D:4:      layout_cave_pods, nicolae_uskayaw_murder_on_the_dancefloor,
          minmay_bisected
D:5:      layout_rooms, kiku_gazebo_garden_becter,
          mainiacjoe_overflow_catwalk_spiral,
          eino_small_chamber_without_monster, uniq_blork_the_orc, uniq_grinder
D:6:      layout_basic
D:7:      layout_loops_cross, minmay_temple_entry_junction,
          gammafunk_ghost_gnarly_gnolls
D:8:      layout_loops_ring, lemuel_crystal_altar, erik_lair_island
D:9:      layout_roguey, uniq_prince_ribbit1
D:10:     layout_roguey, serial_glass, glass_columns_c, glass_columns_c,
          nicolae_transporter_circle
Temple:   nicolae_temple_bog_church

Skill      XL: |  1  2  3  4  5  6  7  8  9 10 |
---------------+-------------------------------+-----
Unarmed Combat | 1 2 3 4 6 7 |  7.8
Stealth        | 2 3 4 5 7 10 11 | 11.5
Fighting       | 2 3 4 5 |  5.4
Dodging        | 3 4 5 |  5.9
Evocations     | 4 5 |  5.7
Shields        | 1 3 4 |  4.4

Action                   |  1- 3 |  4- 6 |  7- 9 | 10-12 || total
-------------------------+-------+-------+-------+-------++-------
Melee: Unarmed           |    46 |    65 |   287 |    27 ||   425
       Constrict         |    14 |    19 |    78 |     7 ||   118
       Tentacles         |     8 |    18 |    79 |     5 ||   110
       Punch             |     3 |     2 |    11 |     2 ||    18
 Cast: Shock             |       |       |     3 |       ||     3
Evoke: Wand              |     6 |     6 |    29 |       ||    41
  Use: Scroll            |       |     7 |    15 |     1 ||    23
       Potion            |       |       |     1 |     3 ||     4
 Stab: Sleeping          |     2 |     5 |    20 |       ||    27
       Distracted        |       |       |     2 |     1 ||     3
Armor: Skin              |     2 |     2 |     1 |     1 ||     6
Dodge: Dodged            |    29 |    61 |   181 |    11 ||   282
Block: Kite shield       |       |       |   131 |    17 ||   148
       Reflection        |       |       |     3 |       ||     3

Table legend: (Time is in decaauts)
 A = Elapsed time spent in this place.
 B = Non-inter-level travel time spent in this place.
 C = Inter-level travel time spent in this place.
 D = Time resting spent in this place.
 E = Time spent auto-exploring this place.
 F = Levels seen in this place.
 G = Mean time per level.
                   A        B        C        D        E       F      G
               +--------+--------+--------+--------+--------+-----+--------+
         Total |   5779 |   5241 |    538 |     37 |   3187 |  11 |  525.4 |
       Dungeon |   5715 |   5198 |    517 |     37 |   3187 |  10 |  571.5 |
        Temple |     63 |     42 |     21 |      0 |      0 |   1 |   63.0 |
               +--------+--------+--------+--------+--------+-----+--------+

Top non-repeatable levels by time:
     D:6: 1340 daAuts
     D:7: 776 daAuts
     D:1: 761 daAuts
     D:3: 711 daAuts
     D:4: 453 daAuts
     D:5: 450 daAuts
     D:2: 373 daAuts
     D:9: 313 daAuts
     D:8: 304 daAuts
    D:10: 228 daAuts
  Temple: 63 daAuts
